 Dungeon Crawl Stone Soup version 0.30.2 (webtiles) character file.

Game seed: 12944752364804179291

44300 LLlMATKO the Tortoise (level 13, -11/124 HPs)
             Began as a Minotaur Berserker on Mar 3, 2024.
             Was a High Priest of Trog.
             Mangled by a dire elephant simulacrum (15 damage)
             ... on level 5 of the Lair of Beasts.
             The game lasted 00:16:30 (17043 turns).

LLlMATKO the Tortoise (Minotaur Berserker)         Turns: 17043, Time: 00:16:32

Health: -11/124    AC: 19    Str: 26    XL:     13   Next: 95%
Magic:  12/12      EV: 15    Int:  7    God:    Trog [*****.]
Gold:   1647       SH:  7    Dex: 11    Spells: 12/12 levels left

rFire   . . .        N - +1 broad axe (flame)
rCold   . . .        J - +0 buckler
rNeg    . . .        W - +2 ring mail "Soqion" {Regen+ Int+3 SInv}
rPois   +            L - +2 hat
rElec   .            w - +0 cloak
rCorr   .            j - +2 pair of gloves
SInv    +            k - +0 pair of boots
Will    .....        (no amulet)
Stlth   +            c - +4 ring of slaying
HPRegen 1.20/turn    H - ring of poison resistance
MPRegen 0.13/turn

%: no passive effects
@: on berserk cooldown, slowed, studying 2 skills, very slow
A: horns 2, retaliatory headbutt
a: Renounce Religion, Berserk, Trog's Hand, Brothers in Arms


You were on level 5 of the Lair of Beasts.
You worshipped Trog.
Trog was extremely pleased with you.
You visited 3 branches of the dungeon, and saw 17 of its levels.
You also visited: Gauntlet.

You collected 1667 gold pieces.
You spent 20 gold pieces at shops.

Inventory:

Hand Weapons
 x - the +4 hand axe of the Hurting Gods {freeze, rPois rN+}
   (You found it on level 4 of the Dungeon)

   rPois:     It protects you from poison.
   rN:        It protects you from negative energy.
 y - a +0 whip of flaming
 z - the +4 war axe "Ymuxzaf" {spect, rCorr Str+3 Stlth+}
   (You found it in a Gauntlet)

   Str:       It affects your strength (+3).
   rCorr:     It protects you from acid and corrosion.
   Stlth:     It makes you more stealthy.
 N - a +1 broad axe of flaming (weapon)
 P - a +2 heavy hand axe
Missiles
 h - 28 poisoned darts (quivered)
Armour
 j - a +2 pair of gloves (worn)
 k - a +0 pair of boots (worn)
 w - a +0 cloak (worn)
 J - a +0 buckler (worn)
 L - a +2 hat (worn)
 W - the +2 ring mail "Soqion" (worn) {Regen+ Int+3 SInv}
   (You found it on level 2 of the Lair of Beasts)

   Int:       It affects your intelligence (+3).
   SInv:      It lets you see invisible.
   Regen:     It increases your rate of health regeneration.
Jewellery
 a - a ring of resist corrosion
 c - a +4 ring of slaying (left hand)
 o - a ring of protection from cold
 H - a ring of poison resistance (right hand)
 Q - a ring of willpower
 T - a ring of flight
 V - a ring of protection from cold
Wands
 A - a wand of polymorph (8)
 B - a wand of iceblast (7)
 D - a wand of digging (13)
 R - a wand of paralysis (16)
 X - a wand of flame (21)
Scrolls
 b - 16 scrolls of identify
 d - 2 scrolls of immolation
 g - 3 scrolls of enchant armour
 m - 10 scrolls of teleportation
 n - a scroll of poison {unknown}
 p - 3 scrolls of fog
 q - 2 scrolls of blinking {unknown}
 u - a scroll of fear
 E - 2 scrolls of amnesia {unknown}
 F - 4 scrolls of enchant weapon
 M - 2 scrolls of brand weapon {unknown}
 O - 2 scrolls of butterflies {unknown}
Potions
 e - 8 potions of curing {unknown}
 f - 2 potions of degeneration {unknown}
 i - a potion of brilliance {unknown}
 l - 5 potions of attraction {unknown}
 r - 2 potions of invisibility
 s - a potion of resistance {unknown}
 t - 5 potions of lignification {unknown}
 v - 7 potions of heal wounds
 C - 4 potions of mutation {unknown}
 G - 4 potions of haste
 I - a potion of magic {unknown}
 K - a potion of berserk rage {unknown}
 S - 4 potions of cancellation {unknown}
 U - 2 potions of might {unknown}


   Skills:
 + Level 14.2 Fighting
 + Level 14.2 Axes
 + Level 15.6 Armour
 + Level 12.8 Dodging
 + Level 13.5 Shields


You had 12 spell levels left.
You didn't know any spells.
Your spell library was empty.

Dungeon Overview and Level Annotations

Branches:
Dungeon (11/15)            Temple (0/1) D:4            Lair (5/5) D:11
 Shoals (0/4) Lair:2       Spider (0/4) Lair:2        Slime (0/5) Lair:4
    Orc (1/2) D:10        Gauntlet (visited)

Altars:
Ashenzari
Dithmenos
Elyvilon
Fedhas
Gozag
Makhleb
Okawaru
Sif Muna
Trog
Vehumet
Wu Jian
Xom
Zin

Shops:
D:3 ?   D:6 *   D:9 *   Orc:1 =

Annotations:
D:3 1 runed translucent door, Ashen's ghost, amateur OgEE
D:9 6 runed translucent doors
Lair:1 2 transporters, LLlMATKO's ghost, journeyman MiBe


Innate Abilities, Weirdness & Mutations

You have a pair of horns on your head.
You reflexively headbutt those who attack you in melee.


Message History

You block the dire elephant's attack. The dire elephant trunk-slaps you.
The dire elephant tramples you!
You stumble backwards!
You slice the dire elephant!! You burn the dire elephant.
The dire elephant is severely wounded.
You hit the dire elephant but do no damage.
You slash the dire elephant! You burn the dire elephant.
The dire elephant tramples you but does no damage.
The dire elephant trunk-slaps you.
The dire elephant completely misses you.
You furiously retaliate!
You headbutt the dire elephant!
The dire elephant trunk-slaps you but does no damage.
You slice the dire elephant!! You burn the dire elephant!!
You headbutt the dire elephant.
The dire elephant is almost dead.
You completely miss the dire elephant. You slice the dire elephant!!
You burn the dire elephant!
You kill the dire elephant!
Trog accepts your kill. Trog grants you a weapon!
Something appears at your feet!
You see here a +3 war axe.
A freezing mist starts to gather...
A dire elephant simulacrum comes into view.
The dire elephant completely misses you.
The dire elephant trunk-slaps you. The dire elephant tramples you!!
* * * LOW HITPOINT WARNING * * *
You stumble backwards!
You slash the dire elephant! You burn the dire elephant.
You kill the dire elephant!
Trog accepts your kill.
A freezing mist starts to gather...
A dire elephant simulacrum comes into view.
Unknown command.
You are no longer berserk.
You are exhausted.
You feel yourself slow down. The dire elephant tramples you!!
* * * LOW HITPOINT WARNING * * *
You hold your ground!
The dire elephant trunk-slaps you but does no damage.
The dire elephant simulacrum tramples you!
You die...

#8.8#...#♣.......^#
##'####.##........##
##..P~#..#........##
#..~≈~##.#.......###
#~~≈≈~~#.#........##
#~≈≈≈~P#.#........##
##~Z≈P##.#..†.......
##'Z####.#......†..~
#8Y@8##8.#.......~~≈
#....#8P.'.........≈
#....#P⌠.'.........~
#P:?.#8..'.........~
#8/$8##8.#.......~≈~
########.#......~~≈≈
#.#.......≈≈≈
#.#........~~
#.#♣.........


You could see a dire elephant (soul bound) and 2 dire elephant simulacra.

Vanquished Creatures
  A quicksilver ooze (Gauntlet)
  A reaper (Gauntlet)
  A minotaur (Gauntlet)
  2 dire elephants (Lair:5)
  4 hydras
  A catoblepas (Lair:5)
  2 two-headed ogres
  8 death yaks
  Urug (Lair:4)
  3 skysharks
  A spectral anaconda (Lair:5)
  A necromancer (Lair:5)
  Pikel (D:4)
  An orc sorcerer (Orc:1)
  An elephant (Lair:5)
  A torpor snail (Lair:2)
  2 black mambas
  9 cane toads
  A minotaur zombie (Gauntlet)
  2 rime drakes
  7 komodo dragons
  An efreet (D:8)
  A polar bear (Lair:5)
  4 trolls
  9 blink frogs
  A hellwing (Gauntlet)
  Prince Ribbit (D:6)
  Grinder (D:4)
  A jumping spider (D:9)
  Sigmund (D:6)
  46 yaks
  A wraith (D:11)
  5 shadows
  2 basilisks
  A dire elephant simulacrum (Lair:5)
  2 wyverns (D:10)
  Eustachio (D:5)
  Grum (D:8)
  3 redbacks (D:9)
  3 wargs (Orc:1)
  3 steam dragons
  Menkaure (D:5)
  2 spectral cane toads (Lair:5)
  15 water moccasins
  Edmund (D:6)
  9 orc warriors
  A sky beast (D:7)
  4 black bears
  7 ogres
  13 wolves
  5 centaurs
  A lemure (D:4)
  A kobold brigand (D:8)
  8 bullfrogs
  A gnoll sergeant (D:7)
  A scorpion (D:5)
  5 wights (D:6)
  10 killer bees
  An electric eel (Lair:1)
  2 howler monkeys
  4 hounds
  A jelly (D:5)
  6 orc priests
  2 sleepcaps
  15 orc wizards
  6 iguanas
  21 gnolls
  8 adders
  A shadow imp (Gauntlet)
  A white imp (D:5)
  3 ufetubi
  4 dart slugs
  45 orcs
  8 ball pythons
  4 bats
  6 endoplasms
  A giant cockroach (D:1)
  8 hobgoblins
  12 jackals
  8 quokkas
  3 frilled lizards
  8 goblins
  12 kobolds
  5 rats
419 creatures vanquished.

Vanquished Creatures (collateral kills)
  An orc warrior (Orc:1)
  An orc priest (Orc:1)
2 creatures vanquished.

Grand Total: 421 creatures vanquished

Notes
Turn   | Place    | Note
-------+----------+-------------------------------------------
     0 | D:1      | LLlMATKO the Minotaur Berserker began the quest for the
                  | Orb.
     0 | D:1      | Reached XP level 1. HP: 19/19 MP: 0/0
   143 | D:1      | Reached XP level 2. HP: 27/27 MP: 1/1
   504 | D:1      | Reached XP level 3. HP: 33/33 MP: 2/2
   524 | D:1      | Reached ** piety under Trog
   525 | D:1      | Reached skill level 3 in Armour
  1216 | D:2      | Reached XP level 4. HP: 41/41 MP: 3/3
  1898 | D:3      | Found Riabbul's Magic Scroll Shoppe.
  1907 | D:3      | Bought a scroll of identify for 20 gold pieces
  2075 | D:3      | Reached XP level 5. HP: 47/47 MP: 4/4
  2124 | D:3      | Found a runed translucent door.
  2128 | D:3      | Noticed Ashen's ghost (amateur OgEE)
  2408 | D:4      | Found a staircase to the Ecumenical Temple.
  2413 | D:4      | Reached skill level 4 in Armour
  2657 | D:4      | Noticed an ogre
  2666 | D:4      | Killed an ogre
  2667 | D:4      | Reached skill level 5 in Fighting
  2667 | D:4      | Reached skill level 5 in Axes
  2667 | D:4      | Reached XP level 6. HP: 16/56 MP: 5/5
  3002 | D:4      | Found a glowing silver altar of Zin.
  3004 | D:4      | Found a shimmering blue altar of Sif Muna.
  3008 | D:4      | Found a radiant altar of Vehumet.
  3008 | D:4      | Found a white marble altar of Elyvilon.
  3008 | D:4      | Found an iron altar of Okawaru.
  3008 | D:4      | Found an opulent altar of Gozag.
  3008 | D:4      | Found a shadowy altar of Dithmenos.
  3010 | D:4      | Found a shimmering altar of Xom.
  3013 | D:4      | Found an ornate altar of the Wu Jian Council.
  3126 | D:4      | Reached *** piety under Trog
  3367 | D:4      | Identified the +4 hand axe of the Hurting Gods {freeze,
                  | rPois rN+}
  3648 | D:4      | Noticed Pikel
  3659 | D:4      | Killed Pikel
  3660 | D:4      | Reached skill level 5 in Armour
  3660 | D:4      | Reached skill level 5 in Dodging
  3660 | D:4      | Reached XP level 7. HP: 42/63 MP: 6/6
  3798 | D:5      | Entered Level 5 of the Dungeon
  3810 | D:5      | Noticed a troll
  3820 | D:5      | Killed a troll
  3821 | D:5      | Reached skill level 6 in Armour
  3821 | D:5      | Reached XP level 8. HP: 71/71 MP: 7/7
  4151 | D:5      | Noticed Eustachio
  4162 | D:5      | Killed Eustachio
  4163 | D:5      | Reached skill level 7 in Armour
  4165 | D:5      | Noticed Menkaure
  4166 | D:5      | Noticed Grinder
  4183 | D:4      | Paralysed by Grinder for 3 turns
  4186 | D:4      | Killed Grinder
  4238 | D:5      | Killed Menkaure
  4239 | D:5      | Reached XP level 9. HP: 81/81 MP: 8/8
  4474 | D:5      | Found a bloodstained altar of Trog.
  4474 | D:5      | Found a blossoming altar of Fedhas.
  4634 | D:6      | Reached **** piety under Trog
  4732 | D:6      | Noticed Edmund
  4741 | D:6      | Killed Edmund
  4899 | D:6      | Noticed Sigmund
  4909 | D:6      | Killed Sigmund
  4910 | D:6      | Reached skill level 8 in Armour
  4929 | D:6      | You fall into a shaft and drop 3 floors!
  4965 | D:9      | Found a broken altar of Ashenzari.
  5072 | D:9      | Noticed a seven-headed hydra
  5094 | D:9      | Killed a ten-headed hydra
  5311 | D:9      | Found a runed translucent door.
  5315 | D:9      | Noticed a troll
  5326 | D:9      | Reached skill level 9 in Armour
  5326 | D:9      | Reached XP level 10. HP: 80/91 MP: 9/9
  6154 | D:7      | Reached skill level 10 in Axes
  6182 | D:7      | Reached skill level 10 in Fighting
  6592 | D:6      | Noticed Prince Ribbit
  6603 | D:6      | Killed Prince Ribbit
  6604 | D:6      | Reached skill level 1 in Shields
  6845 | D:6      | Found Qijeanuts's CLEARANCE SALE!.
  7054 | D:7      | Reached ***** piety under Trog
  7055 | D:7      | Reached skill level 10 in Armour
  7532 | D:7      | Found a burning altar of Makhleb.
  7652 | D:8      | Noticed Grum
  7663 | D:8      | Killed Grum
  7881 | D:8      | Found an iron altar of Okawaru.
  8032 | D:8      | Noticed a two-headed ogre
  8041 | D:8      | Killed a two-headed ogre
  8042 | D:8      | Reached XP level 11. HP: 52/101 MP: 10/10
  8192 | D:8      | Found a burning altar of Makhleb.
  8587 | D:9      | Found Deot's Assorted Antiques.
  8918 | D:9      | Found a runed translucent gate.
  8918 | D:9      | Found a runed translucent gate.
  8918 | D:9      | Found a runed translucent gate.
  8918 | D:9      | Found a runed translucent gate.
  8918 | D:9      | Noticed a boulder beetle
  8918 | D:9      | Noticed a lindwurm
  8919 | D:9      | Found a runed translucent gate.
  8921 | D:9      | Found a runed translucent gate.
  8922 | D:9      | Noticed a boulder beetle
  9005 | D:10     | Entered Level 10 of the Dungeon
  9123 | D:10     | Found a staircase to the Orcish Mines.
  9134 | D:10     | Received a gift from Trog
  9455 | D:10     | Reached skill level 10 in Dodging
  9455 | D:10     | Reached skill level 5 in Shields
  9729 | Orc:1    | Entered Level 1 of the Orcish Mines
  9729 | Orc:1    | Noticed an orc sorcerer
  9735 | Orc:1    | Reached skill level 11 in Armour
  9739 | Orc:1    | Killed an orc sorcerer
 10191 | Orc:1    | Found Voihani's Jewellery Emporium.
 10645 | D:11     | Noticed a two-headed ogre
 10649 | D:11     | Killed a two-headed ogre
 10999 | D:11     | Found a staircase to the Lair.
 11422 | Lair:1   | Entered Level 1 of the Lair of Beasts
 11463 | Lair:1   | Reached XP level 12. HP: 80/112 MP: 11/11
 11569 | Lair:1   | Noticed LLlMATKO's ghost (journeyman MiBe)
 11756 | Lair:1   | Noticed an eight-headed hydra
 11763 | Lair:1   | Killed an 11-headed hydra
 12057 | Lair:1   | Found a transporter.
 12065 | Lair:1   | Found a bloodstained altar of Trog.
 12067 | Lair:1   | Identified the staff of air "Xirch" {rElec rC+ rCorr Str+2}
 12087 | Lair:1   | Found a transporter.
 12531 | Lair:2   | Identified a scroll of acquirement
 12531 | Lair:2   | Acquired a manual of Armour
 12565 | Lair:2   | Reached skill level 12 in Armour
 12647 | Lair:2   | Found a gate leading to a gauntlet.
 12661 | Lair:2   | Found a staircase to the Shoals.
 12664 | Gauntlet | Entered a Gauntlet
 12664 | Gauntlet | Found a transporter.
 12668 | Gauntlet | Noticed a quicksilver ooze
 12772 | Gauntlet | Found a transporter.
 12790 | Gauntlet | Found a transporter.
 12791 | Gauntlet | Found a transporter.
 12793 | Gauntlet | Noticed a death yak
 12793 | Gauntlet | Noticed a death yak
 12796 | Gauntlet | Noticed a death yak
 12801 | Gauntlet | Noticed a death yak
 12802 | Gauntlet | Noticed a death yak
 12807 | Gauntlet | Found a transporter.
 12818 | Gauntlet | Found a transporter.
 12828 | Gauntlet | Noticed a reaper
 12834 | Gauntlet | Found a transporter.
 12858 | Gauntlet | Found a transporter.
 12858 | Gauntlet | Found a transporter.
 12866 | Gauntlet | Found a transporter.
 12896 | Gauntlet | Found a transporter.
 12896 | Gauntlet | Found a transporter.
 12952 | Gauntlet | Killed a quicksilver ooze
 13064 | Gauntlet | Killed a reaper
 13142 | Gauntlet | Identified the amulet "Vuischof" {Faith rF+ Stlth+}
 13164 | Gauntlet | Identified the +6 glaive "Loluopir" {venom, rPois rC- Will+
                  | Str+3}
 13164 | Gauntlet | Noticed a minotaur
 13178 | Gauntlet | Killed a minotaur
 13272 | Gauntlet | Identified the +4 war axe "Ymuxzaf" {spect, rCorr Str+3
                  | Stlth+}
 13272 | Gauntlet | Identified the +9 quarterstaff "Niexock Otti" {venom, rC+
                  | rN+}
 13290 | Gauntlet | Reached skill level 10 in Shields
 13367 | Lair:2   | Found a hole to the Spider Nest.
 13441 | Lair:2   | Identified the +2 ring mail "Soqion" {Regen+ Int+3 SInv}
 13588 | Lair:2   | Reached skill level 13 in Armour
 14286 | Lair:3   | Identified the +3 scale mail of Resilience {rPois Dex-5
                  | SInv}
 15212 | Lair:4   | Noticed Urug
 15219 | Lair:4   | Killed Urug
 15298 | Lair:4   | Noticed a death yak
 15299 | Lair:4   | Noticed a death yak
 15299 | Lair:4   | Noticed a death yak
 15308 | Lair:4   | Killed a death yak
 15310 | Lair:4   | Killed a death yak
 15310 | Lair:4   | Killed a death yak
 15412 | Lair:4   | Reached XP level 13. HP: 93/122 MP: 12/12
 15564 | Lair:4   | Found a staircase to the Slime Pits.
 16064 | Lair:5   | Entered Level 5 of the Lair of Beasts
 16080 | Lair:5   | Reached skill level 14 in Armour
 16427 | Lair:5   | Reached skill level 15 in Armour
 16944 | Lair:5   | Noticed a dire elephant
 16944 | Lair:5   | Noticed a dire elephant
 16961 | Lair:5   | Noticed a dire elephant
 17041 | Lair:5   | Killed a dire elephant
 17041 | Lair:5   | Received a gift from Trog
 17042 | Lair:5   | Killed a dire elephant
 17043 | Lair:5   | HP: 4/124 [dire elephant (27)]
 17043 | Lair:5   | Mangled by a dire elephant simulacrum

Illustrated notes

Levels and vault maps discovered:
D:1:      shiori_shiawase, layout_loops_corners
D:2:      layout_loops_ring
D:3:      layout_basic, serial_shops, shop, ebering_ghost_sewer_d
D:4:      layout_loops_ring, minitemple, minmay_temple_entry_grid, st_stairs_2,
          minmay_between, uniq_pikel
D:5:      layout_rooms, amethyst_overflow_temple_binary, uniq_eustachio,
          uniq_grinder, uniq_menkaure
D:6:      layout_cave_pods, nicolae_shop_clearance, uniq_sigmund, uniq_edmund,
          uniq_prince_ribbit1
D:7:      layout_gridville, lightli_temple_of_fire
D:8:      layout_loops_ring, hangedman_decor_points, hex_large,
          hangedman_feature_mirror, hangedman_decor_slide_cut,
          nicolae_straight_to_the_point, uniq_grum
D:9:      gammafunk_indiana_jones, layout_loops_corners,
          nicolae_ashenzari_skybound, serial_shops, shop,
          amcnicky_mini_pool_small, minmay_bent
D:10:     layout_roguey, orc_david_3, minmay_misc_feat_ornament
D:11:     layout_stronghold, lair_entry_dummy
Lair:1:   layout_roguey, gammafunk_ghost_wrathful_warriors, fungi_pond_lemuel
Lair:2:   layout_cave_pods, shoals_dummy_entry, spider_nest_entry_web_field,
          gauntlet_entry_generic
Lair:3:   layout_layer_cave, chequers_serial_rivers_micro_c
Lair:4:   beargit_carnivore_pack, layout_cave_pods, slime_entry_1, uniq_urug
Lair:5:   due_jungle_book, layout_regular_city, infiniplex_staircase_pool,
          grunt_megastairs_2
Orc:1:    layout_caves, serial_shops, shop

Skill      XL: |  1  2  3  4  5  6  7  8  9 10 11 12 13 |
---------------+----------------------------------------+-----
Fighting       | 4 5 6 8 9 10 11 13 14 | 14.2
Axes           | 4 5 6 7 9 10 11 13 14 | 14.2
Armour         | 3 4 5 6 7 9 10 11 13 15 | 15.6
Dodging        | 3 5 6 8 9 10 11 12 | 12.8
Shields        | 3 7 11 13 | 13.5

Action                     |  1- 3 |  4- 6 |  7- 9 | 10-12 | 13-15 || total
---------------------------+-------+-------+-------+-------+-------++-------
  Melee: Hand axe          |    65 |   147 |   119 |   311 |       ||   642
         Headbutt          |    16 |    21 |    23 |    91 |    40 ||   191
         Punch             |       |       |     1 |     1 |       ||     2
         Broad axe         |       |       |       |   132 |   179 ||   311
  Throw: Dart              |       |       |     1 |     3 |       ||     4
 Invoke: Berserk           |     1 |     1 |     7 |     7 |     2 ||    18
         Trog's Hand       |       |       |     1 |     5 |       ||     6
         Brothers in Arms  |       |       |       |     2 |       ||     2
  Evoke: Wand              |       |       |       |     1 |       ||     1
    Use: Scroll            |       |       |       |    11 |       ||    11
   Stab: Petrified         |       |       |       |       |     2 ||     2
 Armour: Animal skin       |    11 |       |       |       |       ||    11
         Scale mail        |     4 |    47 |    65 |   172 |       ||   288
         Ring mail         |       |       |       |    14 |    68 ||    82
  Dodge: Dodged            |    40 |    80 |   102 |   270 |    93 ||   585
  Block: Buckler           |       |       |       |    84 |    36 ||   120
